 Dungeon Crawl Stone Soup version 0.27-a0-401-gea03ee85fd (webtiles) character file.

Game seed: 7000032679256827906

67 dickylongcocking the Caller (level 4, -1/30 HPs)
             Began as a Merfolk Summoner on Feb 21, 2021.
             Killed from afar by an orc wizard (11 damage)
             ... with a magic dart
             ... on level 3 of the Dungeon.
             The game lasted 00:03:50 (3066 turns).

dickylongcocking the Caller (Merfolk Summoner)      Turns: 3066, Time: 00:03:50

Health: -1/30      AC:  5    Str: 14    XL:     4   Next: 16%
Magic:  6/8        EV: 13    Int: 15    God:
Gold:   22         SH:  0    Dex: 14    Spells: 2/8 levels left

rFire    . . .     SeeInvis .   k - +0 falchion
rCold    . . .     Faith    .   (no shield)
rNeg     . . .     Spirit   .   a - +0 robe
rPois    .         Reflect  .   (no helmet)
rElec    .         Harm     .   (no cloak)
rCorr    .         Rampage  .   (no gloves)
Will     .....                  f - +2 pair of boots
Stlth    ++........             (no amulet)
HPRegen  0.10/turn              d - ring of wizardry
MPRegen  0.11/turn              i - +6 ring of strength

@: mighty
A: change form in water, swift swim, stealthy swim
a: no special abilities


You were on level 3 of the Dungeon.
You visited 1 branch of the dungeon, and saw 3 of its levels.

You collected 22 gold pieces.

Inventory:

Hand Weapons
 b - a +0 hand axe
 k - a +0 falchion (weapon)
Armour
 a - a +0 robe (worn)
 f - a +2 pair of boots (worn)
Jewellery
 d - a ring of wizardry (left hand)
 h - a ring of protection from cold
 i - a +6 ring of strength (right hand)
Scrolls
 c - 2 scrolls of teleportation
 g - 2 scrolls of amnesia {unknown}
 j - a scroll of fear {unknown}
 l - a scroll of enchant weapon {unknown}
 m - a scroll of identify {unknown}


   Skills:
 - Level 0.1 Fighting
 - Level 1.1 Axes
 - Level 2.8 Dodging
 - Level 2.5 Stealth
 * Level 2.7 Spellcasting
 * Level 4.6 Summonings


You had 2 spell levels left.
You knew the following spells:

 Your Spells              Type           Power        Failure   Level
a - Summon Small Mammal   Summ           60%          1%          1
b - Call Imp              Summ           15%          1%          2
c - Call Canine Familiar  Summ           15%          4%          3

Your spell library contained the following spells:

 Spells                   Type           Power        Failure   Level
 Magic Dart               Conj           8%           9%          1
 Blink                    Tloc           N/A          12%         2
 Slow                     Hex            2%           12%         2
 Summon Guardian Golem    Hex/Summ       9%           10%         3
 Conjure Flame            Conj/Fire      2%           24%         3
 Mephitic Cloud           Conj/Pois/Air  2%           24%         3
 Summon Ice Beast         Ice/Summ       9%           30%         4
 Summon Lightning Spire   Summ/Air       9%           30%         4


Dungeon Overview and Level Annotations

Branches:
Dungeon (3/15)

Altars:


Message History

The orc wizard is heavily wounded.
Your hound completely misses the orc.
The orc hits you with a +0 whip! The orc wizard barely misses you.
You riposte.
You closely miss the orc wizard.
The orc wizard is heavily wounded.
A worm comes into view.
Your hound barely misses the orc.
The orc hits you with a +0 flail. The orc hits you with a +0 whip.
It was a potion of might.
You feel very mighty all of a sudden. The orc wizard completely misses you.
Your hound bites the orc.
The orc closely misses you.
You riposte.
You closely miss the orc.
The orc is almost dead.
It was a potion of heal wounds.
You feel much better.
Your hound misses the orc.
The orc wizard hits you with a +0 dagger.
The orc closely misses you.
You riposte.
You slash the orc!
You kill the orc!
Your hound bites the orc but does no damage.
The orc hits you with a +0 whip.
Unknown command.
Unknown command.
You hit the orc wizard.
The orc wizard is almost dead.
Your hound closely misses the orc.
The orc wizard hits you with a +0 dagger.
A bat comes into view.
The orc hits you with a +0 whip. The orc wizard casts a spell at you.
The magic dart hits you.
Your hound bites the orc but does no damage.
Unknown command.
Something hits your hound.
Things that are here:
a +0 flail; an orc corpse Unknown command.
Your hound barely misses the orc wizard.
The orc barely misses your hound.
The orc wizard gestures at you while chanting.
The magic dart hits you!
You die...

#. #. .###########
...........# #.#
#...#.##. #.####.#......
#####.##...#...###
#....[...#####....
####.###@###.##...#.....†
.......)o...>####.#.#####
###..###h##### #...#
......wob.# ##.##
###.##.#..# #.# #(#...
#.# # ##.## #.. .# ### .#


You could see an orc wizard (ally target), an orc, a bat and a friendly hound
(summoned).

Vanquished Creatures
  An ooze (D:2)
  A worm (D:2)
  An orc (D:3)
  5 bats
  8 giant cockroaches (D:2)
  2 goblins
  A hobgoblin (D:2)
  2 kobolds
  A quokka (D:2)
  2 rats
24 creatures vanquished.

Vanquished Creatures (collateral kills)
  2 adders (D:2)
  A dart slug (D:1)
  7 giant cockroaches (D:2)
  2 goblins
  6 hobgoblins
  2 kobolds
  A bat (D:2)
  A frilled lizard (D:2)
  3 rats (D:1)
25 creatures vanquished.

Grand Total: 49 creatures vanquished

Notes
Turn   | Place    | Note
-------+----------+-------------------------------------------
     0 | D:1      | dickylongcocking the Merfolk Summoner began the quest for
                  | the Orb.
     0 | D:1      | Reached XP level 1. HP: 13/13 MP: 3/3
  1148 | D:1      | Reached XP level 2. HP: 17/19 MP: 0/5
  1157 | D:1      | Learned a level 2 spell: Call Imp
  1917 | D:2      | Reached XP level 3. HP: 5/24 MP: 0/6
  2351 | D:2      | Reached skill level 1 in Axes
  2612 | D:2      | Learned a level 3 spell: Call Canine Familiar
  2761 | D:2      | Reached XP level 4. HP: 29/30 MP: 3/7
  3066 | D:3      | Killed from afar by an orc wizard

Illustrated notes

Levels and vault maps discovered:
D:1:      lemuel_arrival_behind_the_door_small, layout_loops_ring
D:2:      minmay_roachtagon, layout_rooms
D:3:      layout_loops_ring, ebering_dispersal_statue_hall,
          nicolae_ru_sacrificial_ziggurat

Skill      XL: |  1  2  3 |
---------------+----------+-----
Axes           | 1 |  1.1
Fighting       | |  0.1
Dodging        | |  2.8
Stealth        | |  2.5
Spellcasting   | |  2.7
Summonings     | |  4.6

Action                   |  1- 3 |  4- 6 || total
-------------------------+-------+-------++-------
Melee: Hand axe          |    54 |       ||    54
       Falchion          |    15 |    14 ||    29
 Cast: Summon Small Mamm |    43 |       ||    43
       Call Imp          |    21 |       ||    21
       Call Canine Famil |     2 |     4 ||     6
  Use: Scroll            |     1 |       ||     1
       Potion            |     4 |     2 ||     6
 Stab: Distracted        |     1 |       ||     1
Armor: Robe              |    29 |     7 ||    36
Dodge: Dodged            |    94 |    16 ||   110
       Rpst.: Falchion   |    11 |     6 ||    17

Table legend: (Time is in decaauts)
 A = Elapsed time spent in this place.
 B = Non-inter-level travel time spent in this place.
 C = Inter-level travel time spent in this place.
 D = Time resting spent in this place.
 E = Time spent auto-exploring this place.
 F = Levels seen in this place.
 G = Mean time per level.
                   A        B        C        D        E       F      G
               +--------+--------+--------+--------+--------+-----+--------+
         Total |   3069 |   3044 |     25 |    974 |   1557 |   3 | 1023.0 |
       Dungeon |   3069 |   3044 |     25 |    974 |   1557 |   3 | 1023.0 |
               +--------+--------+--------+--------+--------+-----+--------+

Top non-repeatable levels by time:
     D:1: 1792 daAuts
     D:2: 1090 daAuts
     D:3: 186 daAuts
